 Dungeon Crawl Stone Soup version 0.22-a0-362-g535178c (webtiles) character file.

51 dstrtnsr the Chiller (level 3, -2/25 HPs)
             Began as a Gnoll Ice Elementalist on Apr 22, 2018.
             Slain by Grinder (5 damage)
             ... on level 3 of the Dungeon.
             The game lasted 00:04:57 (555 turns).

dstrtnsr the Chiller (Gnoll Ice Elementalist)        Turns: 555, Time: 00:04:58

Health: -2/25      AC:  2    Str: 15    XL:     3   Next: 83%
Magic:  3/9        EV: 14    Int: 20    God:    Xom [..*...]
Gold:   32         SH:  0    Dex: 15    Spells: 11/12 levels left

rFire    . . .     SeeInvis .   j - -2 short sword (curse) {!w}
rCold    . . .     Gourm    .   (no shield)
rNeg     . . .     Faith    .   a - +0 robe
rPois    .         Spirit   .   (no helmet)
rElec    .         Reflect  .   (no cloak)
rCorr    .         Harm     .   (no gloves)
MR       .....                  (no boots)
Stlth    +++.......             (no amulet)
HPRegen  0.08/turn              d - +2 ring of intelligence
MPRegen  0.11/turn              (no ring)

@: mighty
A: distributed training, fangs 1, strong nose
a: Renounce Religion


You were on level 3 of the Dungeon.
You worshipped Xom.
You were a toy of Xom.
You were not hungry.

You visited 1 branch of the dungeon, and saw 3 of its levels.

You collected 32 gold pieces.

Inventory:

Hand Weapons
 f - a +0 dagger
 h - a +0 whip
 j - a cursed -2 short sword (weapon) {!w}
Missiles
 b - 13 sling bullets
Armour
 a - a +0 robe (worn)
Jewellery
 d - a +2 ring of intelligence (left hand)
Potions
 g - a potion of brilliance
Comestibles
 c - 3 rations {!d}


   Skills:
 + Level 0.9 Fighting
 + Level 0.9 Short Blades
 + Level 0.9 Long Blades
 + Level 0.9 Axes
 + Level 0.9 Maces & Flails
 + Level 0.9 Polearms
 + Level 0.9 Staves
 + Level 0.9 Slings
 + Level 0.9 Bows
 + Level 0.9 Crossbows
 + Level 0.9 Throwing
 + Level 0.9 Armour
 + Level 4.5 Dodging
 + Level 4.2 Stealth
 + Level 0.9 Shields
 + Level 0.9 Unarmed Combat
 + Level 5.0 Spellcasting
 + Level 2.1 Conjurations
 + Level 0.6 Hexes
 + Level 0.6 Charms
 + Level 0.6 Summonings
 + Level 0.6 Necromancy
 + Level 0.6 Translocations
 + Level 0.6 Transmutations
 + Level 0.6 Fire Magic
 + Level 5.4 Ice Magic
 + Level 0.6 Air Magic
 + Level 0.6 Earth Magic
 + Level 0.6 Poison Magic
 + Level 1.0 Invocations
 + Level 0.9 Evocations


You had 11 spell levels left.
You knew the following spells:

 Your Spells              Type           Power        Failure   Level  Hunger
a - Freeze                Ice            ####         1%          1    None


Dungeon Overview and Level Annotations

Branches:
Dungeon (3/15)

Altars:
Uskayaw
Xom

Annotations:
D:3 Grinder


Innate Abilities, Weirdness & Mutations

Your experience applies equally to all skills.
You have very sharp teeth.
Your uncanny sense of smell can sniff out nearby items.


Message History

Press: ? - help, Shift-Dir - straight line, f/p - adder
Aim: an adder (almost dead, slow)
You freeze the adder.
You kill the adder!
There is a stone staircase leading up here.
You climb upwards.
Found a hunting sling and a bubbling black potion.
There is a stone staircase leading down here.
Unknown command.
You see here a bubbling black potion.
k - a bubbling black potion
There is a stone staircase leading down here.
You climb downwards.
There is a stone staircase leading up here.
Unknown command.
An orc comes into view. It is wielding a flail.
The orc shouts!
You hear a shout!
The orc closely misses you.
Grinder comes into view.
Casting: Freeze (safe; 1% risk of failure)
Confirm with . or Enter, or press ? or * to list all spells.
Aiming: Freeze (safe; 1% risk of failure)
Press: ? - help, Shift-Dir - straight line, f - orc
Aim: an orc, wielding a flail You freeze the orc.
You kill the orc!
Okay, then.
Unknown command.
A kobold comes into view.
The kobold throws a stone.
The stone hits you.
You see here a stone.
Damage: -4%(-1hp) hp: 76%(19hp) Unknown command.
As you read the scroll labeled EPU GELYPLO, it crumbles to dust.
It is a scroll of identify.
g - a potion of brilliance Unknown command.
Wield which item (- for none, * to show all)? (? for menu, Esc to quit)
Really wield
j - a glowing short sword {!w}?
Okay, then.
Wield which item (- for none, * to show all)? (? for menu, Esc to quit)
Really wield
j - a glowing short sword {!w}?
It sticks to your hand!
Xom is amused.
j - a cursed -2 short sword (weapon)
{!w} Unknown command.
You aren't carrying any scrolls.
Unknown command.
You can't unwield your weapon to draw a new one!
Okay, then.
Unknown command.
Unknown command.
You hit the kobold but do no damage. The kobold misses you.
Unknown command.
Casting: Freeze (safe; 1% risk of failure)
Confirm with . or Enter, or press ? or * to list all spells.
Aiming: Freeze (safe; 1% risk of failure)
Press: ? - help, Shift-Dir - straight line, f - kobold
Aim: a kobold You freeze the kobold.
The kobold is moderately wounded.
The kobold closely misses you. The kobold misses you.
Unknown command.
Unknown command.
Casting: Freeze (safe; 1% risk of failure)
Confirm with . or Enter, or press ? or * to list all spells.
Aiming: Freeze (safe; 1% risk of failure)
Press: ? - help, Shift-Dir - straight line, f/p - kobold
Aim: a kobold (moderately wounded)
You freeze the kobold.
You kill the kobold!
It was a potion of curing.
You feel better.
Xom thinks this is hilarious!
Grinder gestures at you. Pain shoots through your body!
Ouch! That really hurt!
* * * LOW HITPOINT WARNING * * *
Huge Dmg: -32%(-8hp) hp: 44%(11hp) It was a potion of might.
You feel very mighty all of a sudden.
Casting: Freeze (safe; 1% risk of failure)
Confirm with . or Enter, or press ? or * to list all spells.
Aiming: Freeze (safe; 1% risk of failure)
Press: ? - help, Shift-Dir - straight line, f - Grinder
Aim: Grinder You freeze Grinder.
Grinder completely resists.
Grinder hits you.
* * * LOW HITPOINT WARNING * * *
Damage: -4%(-1hp) hp: 44%(11hp) Unknown command.
Casting: Freeze (safe; 1% risk of failure)
Confirm with . or Enter, or press ? or * to list all spells.
Aiming: Freeze (safe; 1% risk of failure)
Press: ? - help, Shift-Dir - straight line, f/p - Grinder
Aim: Grinder You freeze Grinder.
Grinder completely resists.
Grinder hits you!
* * * LOW HITPOINT WARNING * * *
You writhe in agony.
You die...
Xom is highly amused!

#...# ## ... #...# #. ..#
#...# .# ####
#######.#####...##.# ....
...................# .###
#..........##5..#..#.#.###
#.........##......#.#....
#.........#)...##.#.#....
#.....5@.#.#..# .#.#....
#..##.####.#..# .......
#.# #..#..####.#....
#.##5###.##...<.#.#....
#........###...........
##.####### #######..... #.
#..... # #..#.# #.....


You could see Grinder.

Vanquished Creatures
  2 adders
  A dart slug (D:1)
  2 leopard geckos
  An orc (D:3)
  A ball python (D:2)
  2 bats (D:2)
  3 giant cockroaches (D:2)
  4 goblins
  3 hobgoblins
  4 kobolds
  4 rats
27 creatures vanquished.

Vanquished Creatures (others)
  An orc priest (D:3)
  2 orcs (D:3)
3 creatures vanquished.

Grand Total: 30 creatures vanquished

Notes
Turn   | Place    | Note
-------+----------+-------------------------------------------
     0 | D:1      | dstrtnsr the Gnoll Ice Elementalist began the quest for the Orb.
     0 | D:1      | Reached XP level 1. HP: 13/13 MP: 6/6
   112 | D:1      | Reached XP level 2. HP: 12/19 MP: 2/7
   278 | D:2      | Found a hide-covered altar of Uskayaw.
   307 | D:2      | Reached skill level 5 in Spellcasting
   307 | D:2      | Reached XP level 3. HP: 17/25 MP: 0/9
   357 | D:2      | Found a shimmering altar of Xom.
   364 | D:2      | Became a worshipper of Xom the Tricky
   487 | D:3      | Reached skill level 1 in Invocations
   534 | D:3      | Noticed Grinder
   555 | D:3      | HP: 3/25 [Grinder (8)]
   555 | D:3      | Slain by Grinder

Vault maps used:
D:1:      minmay_arrival_split_and_join
D:2:      cheibrodos_old_hovel, elyvilon_altar_4, marbit_many_paths,
          gammafunk_temple_overflow_forgotten, lemuel_round_altar, first_ration
D:3:      fiery_altar_vehumet, serial_aquarium, aquarium_bridge_island_small,
          aquarium_bridge_square, aquarium_window_corridor_1, aquarium_window_1,
          aquarium_window_1, aquarium_view_2f, aquarium_balcony_double_1,
          uniq_grinder

Skill      XL: |  1  2  3 |
---------------+----------+-----
Conjurations   | 2 |  2.1
Spellcasting   | 5 |  5.0
Invocations    | 1 |  1.0
Fighting       | |  0.9
Short Blades   | |  0.9
Long Blades    | |  0.9
Axes           | |  0.9
Maces & Flails | |  0.9
Polearms       | |  0.9
Staves         | |  0.9
Slings         | |  0.9
Bows           | |  0.9
Crossbows      | |  0.9
Throwing       | |  0.9
Armour         | |  0.9
Dodging        | |  4.5
Stealth        | |  4.2
Shields        | |  0.9
Unarmed Combat | |  0.9
Hexes          | |  0.6
Charms         | |  0.6
Summonings     | |  0.6
Necromancy     | |  0.6
Translocations | |  0.6
Transmutations | |  0.6
Fire Magic     | |  0.6
Ice Magic      | |  5.4
Air Magic      | |  0.6
Earth Magic    | |  0.6
Poison Magic   | |  0.6
Evocations     | |  0.9

Action                   || total
-------------------------++-------
Melee: Short sword       ||     1
Throw: Stone             ||     3
 Cast: Freeze            ||    44
  Use: Potion            ||     2
       Scroll            ||     1
Armor: Robe              ||     3
Dodge: Dodged            ||    23

Table legend:
 A = Spawn XP
 B = Non-spawn XP
 C = Spawn XP percentage of total XP
 D = Spawn monster count
 E = Non-spawn monster count
 F = Spawn count percentage of total count
 G = Total turns spent on level
                    A         B        C        D         E        F      G
               +---------+---------+-------+---------+---------+-------+---------
         Total |       0 |      74 |   0.0 |       0 |      27 |   0.0 |   555
               +---------+---------+-------+---------+---------+-------+---------
           D:1 |       0 |      20 |   0.0 |       0 |      10 |   0.0 |   239
           D:2 |       0 |      29 |   0.0 |       0 |       9 |   0.0 |   233
           D:3 |       0 |      25 |   0.0 |       0 |       8 |   0.0 |    83
               +---------+---------+-------+---------+---------+-------+---------
